 Dungeon Crawl Stone Soup version 0.20-a0-738-gb057e68 (webtiles) character file.

74 polly the Bolt Thrower (level 4, 0/34 HPs)
             Began as a Formicid Hunter on Feb 24, 2017.
             Slain by a gnoll
             ... wielding a cursed +0 spear
              (4 damage)
             ... on level 2 of the Dungeon.
             The game lasted 00:01:11 (814 turns).

polly the Bolt Thrower (Formicid Hunter)             Turns: 814, Time: 00:01:12

Health: 0/34       AC:  3    Str: 16    XL:     4   Next: 52%
Magic:  4/4        EV: 12    Int: 11    God:
Gold:   78         SH:  0    Dex: 12    Spells: 3/3 levels left

rFire    . . .     SeeInvis +   a - +1 hand crossbow
rCold    . . .     Gourm    .   c - +0 leather armour
rNeg     . . .     Faith    .   (no shield)
rPois    .         Spirit   .   (helmet unavailable)
rElec    .         Reflect  .   (no cloak)
rCorr    .         Harm     .   (no gloves)
MR       .....                  (no boots)
Stlth    +.........             (no amulet)
Regen    0.2/turn               (no ring)
MPRegen  0.1/turn               (no ring)

@: no status effects
A: permanent stasis, dig shafts and tunnels, four strong arms, antennae 3
a: Dig, Shaft Self


You were on level 2 of the Dungeon.
You were not hungry.

You visited 1 branch of the dungeon, and saw 2 of its levels.

You collected 78 gold pieces.

Inventory:

Hand Weapons
 a - a +1 hand crossbow (weapon)
 b - a +0 short sword
Missiles
 d - 2 bolts (quivered)
Armour
 c - a +0 leather armour (worn)
Scrolls
 e - a scroll of noise {unknown}
 g - a scroll of identify {unknown}
 j - a scroll of fear {unknown}
Potions
 h - 2 potions of curing {unknown}
 i - a potion of cancellation {unknown}
 k - a potion of haste {unknown}
Comestibles
 f - a bread ration


   Skills:
 + Level 2.5 Fighting
 + Level 5.4 Crossbows
 + Level 1.9 Dodging
 + Level 1.2 Stealth


You had 3 spell levels left.
You didn't know any spells.

Dungeon Overview and Level Annotations

Branches:
Dungeon (2/15)

Altars:
Nemelex Xobeh


Innate Abilities, Weirdness & Mutations

You cannot be hasted, slowed, berserked, paralysed or teleported.
You can dig through walls and to a lower floor.
Your four strong arms can wield two-handed weapons with a shield.
You have a pair of large antennae on your head. (SInv)


Message History

Firing (i - inventory):
d - 5 bolts (quivered)
Press: ? - help, Shift-Dir - straight line, f/p - gnoll
Aim: a gnoll, wielding a spear (moderately wounded)
You shoot a bolt. The bolt closely misses the gnoll.
The gnoll barely misses you.
The gnoll hits you from afar with a spear!
* * * LOW HITPOINT WARNING * * *
Firing (i - inventory):
d - 4 bolts (quivered)
Press: ? - help, Shift-Dir - straight line, f/p - gnoll
Aim: a gnoll, wielding a spear (moderately wounded)
You shoot a bolt. The bolt hits the gnoll.
The gnoll is severely wounded.
The gnoll hits you from afar with a spear.
* * * LOW HITPOINT WARNING * * *
Firing (i - inventory):
d - 3 bolts (quivered)
Press: ? - help, Shift-Dir - straight line, f/p - gnoll
Aim: a gnoll, wielding a spear (severely wounded)
You shoot a bolt. The bolt closely misses the gnoll.
The gnoll hits you from afar with a spear.
You die...

#####
##...###########
##.....##.....<.#
##.......#.#####@#
.........#.# #.#
##.......#.#####g#
##.....)..)..##(#
##.....#.##.##.#
##...##.##.##.#
##.###.##.##.####
#.# #......(...##
#.# ######......#


You could see a gnoll.

Vanquished Creatures
  3 gnolls (D:2)
  An adder (D:2)
  An ooze (D:1)
  A dart slug (D:1)
  A giant cockroach (D:1)
  3 goblins (D:1)
  5 hobgoblins
  2 jackals (D:1)
  5 bats (D:1)
  A frilled lizard (D:2)
  3 kobolds (D:1)
  5 rats
31 creatures vanquished.

Notes
Turn   | Place    | Note
-------+----------+-------------------------------------------
     0 | D:1      | polly the Formicid Hunter began the quest for the Orb.
     0 | D:1      | Reached XP level 1. HP: 16/16 MP: 1/1
   168 | D:1      | Found a sparkling altar of Nemelex Xobeh.
   197 | D:1      | Reached XP level 2. HP: 21/23 MP: 2/2
   375 | D:1      | Reached XP level 3. HP: 27/28 MP: 3/3
   736 | D:2      | Reached skill level 5 in Crossbows
   786 | D:2      | Reached XP level 4. HP: 34/34 MP: 4/4
   814 | D:2      | Slain by a gnoll

Vault maps used:
D:1:      scummos_arrival_forest, nemelex_diamond_rough_becter

Skill      XL: |  1  2  3 |
---------------+----------+-----
Crossbows      | 5 |  5.4
Fighting       | |  2.5
Dodging        | |  1.9
Stealth        | |  1.2

Action                   |  1- 3 |  4- 6 || total
-------------------------+-------+-------++-------
 Fire: Hand crossbow     |    56 |    10 ||    66
Armor: Leather armour    |     4 |       ||     4
Dodge: Dodged            |     9 |     3 ||    12
